 Dungeon Sprint DCSS version 0.29.1-1-gd02db6906a (webtiles) character file.

Game seed: 4984614925061856828

11000000 Ofeo the Axe Maniac (level 27, -43/228 HPs)
             Began as a Djinni Warper on Sept 17, 2022.
             Was the Champion of Makhleb.
             Annihilated by a meat berserker
             ... wielding a +9 battleaxe
              (45 damage)
             ... in the Dungeon (Sprint VIII: "Arena of Blood").
             The game lasted 00:03:13 (110 turns).

Ofeo the Axe Maniac (Djinni Warper)                  Turns: 110, Time: 00:03:14

Health: -43/228    AC:  6    Str: 10    XL:     27
Gold:   0          EV: 27    Int: 26    God:    Makhleb [******] SH:  0 Dex: 16

rFire   + + .      SeeInvis +   d - +∞ Axe of Woe
rCold   x . .      Faith    .   (shield currently unavailable)
rNeg    . . .      Spirit   .   a - +0 leather armour
rPois   ∞          Reflect  .   (no helmet)
rElec   .          Harm     .   (no cloak)
rCorr   .          Rampage  .   (no gloves)
Will    ++...      NoTele   +   (boots unavailable)
Stlth   +++++++++.              (no amulet)
HPRegen 0.48/turn               e - ring of see invisible
MPRegen 0.00/turn               (no ring)

@: death channelling (expiring), flying, slowed, very slow
A: sickness immunity, fire resistance 2, cold vulnerability 1, float, innate
caster, HP casting, extra vitality 1
a: Renounce Religion, Minor Destruction, Lesser Servant of Makhleb, Major
Destruction, Greater Servant of Makhleb


You were in the Dungeon.
You worshipped Makhleb.
Makhleb was exalted by your worship.
You visited 1 branch

Inventory:

Hand Weapons
 d - the +∞ Axe of Woe (weapon)
   (You found it in the Dungeon)
Missiles
 c - 7 boomerangs of dispersal
Armour
 a - a +0 leather armour (worn)
Jewellery
 e - a ring of see invisible (left hand)
Scrolls
 b - 2 scrolls of blinking {@r4}
Potions
 f - a potion of heal wounds {@q2}
 g - a potion of berserk rage
 h - a potion of haste {@q3}
 q - a potion of curing {@q1}


   Skills:
 O Level 27 Fighting
 O Level 27 Short Blades
 O Level 27 Long Blades
 O Level 27 Axes
 O Level 27 Maces & Flails
 O Level 27 Polearms
 O Level 27 Staves
 O Level 27 Ranged Weapons
 O Level 27 Throwing
 O Level 27 Armour
 O Level 27 Dodging
 O Level 27 Stealth
 O Level 27 Shields
 O Level 27 Unarmed Combat
 O Level 27 Spellcasting
 O Level 27 Invocations
 O Level 27 Evocations


You couldn't memorise any spells.
You knew the following spells:

 Your Spells              Type           Power      Damage    Failure   Level
a - Blink                 Tloc           100%       N/A       0%          2
b - Lesser Beckoning      Tloc           100%       N/A       0%          3
c - Gell's Gravitas       Tloc           100%       N/A       0%          3
d - Teleport Other        Tloc           100%       N/A       0%          3
e - Manifold Assault      Tloc           100%       N/A       0%          5
f - Sandblast             Erth           100%       2d20      0%          1
g - Static Discharge      Conj/Air       100%       3-16/arc  0%          2
h - Frozen Ramparts       Ice            100%       1d16      0%          3
i - Leda's Liquefaction   Hex/Erth       54%        N/A       0%          4
j - Irradiate             Conj/Tmut      54%        3d29      0%          5
k - Iskenderun's Battles  Conj           100%       2d15      0%          5
l - Eringya's Noxious Bo  Tmut/Pois      54%        N/A       0%          6
m - Conjure Ball Lightni  Conj/Air       54%        3x3d20    0%          6
o - Dragon Form           Tmut           54%        N/A       0%          7
p - Summon Hydra          Summ           54%        N/A       0%          7
q - Lehudib's Crystal Sp  Conj/Erth      54%        10d13     1%          8
r - Shatter               Erth           54%        3d41*     1%          9
z - Death Channel         Necr           54%        N/A       0%          6
Your spell library was empty.

Dungeon Overview and Level Annotations

Branches:
Dungeon (1/1)

Altars:
Makhleb


Innate Abilities, Weirdness & Mutations

You are immune to sickness and miasma.
You are immune to poison.
Your flesh is very heat resistant. (rF++)
You are vulnerable to cold. (rC-)
You float through the air rather than walking.
You learn spells naturally, not from books.
Your magical power is your life essence.
You have superior vitality. (+4 MHP)


Message History

The meat beast bites your spectral bag of meat!!
The meat beast tramples your spectral bag of meat!
Your spectral bag of meat holds its ground!
The meat beast bites your spectral meat berserker!
The meat beast completely misses your spectral meat berserker.
You take 81 damage, and have 15/228 hp.
MASSIVE DAMAGE!!
Casting: Manifold Assault (safe; 0% risk of failure)
Press: ? - help, Q - select action, (/) - cycle Dir - look around, f - activate Space momentarily warps into an impossible shape!
You slash the large abomination!
You chop the large abomination into pieces.
You destroy the large abomination!
The large abomination disappears in a puff of smoke!
You slice the large abomination!!
You cleave the large abomination in twain.
You destroy the large abomination!
The large abomination disappears in a puff of smoke!
You hit the large abomination but do no damage.
You hew the large abomination savagely.
You destroy the large abomination!
The large abomination disappears in a puff of smoke!
You slash the large abomination!
You butcher the large abomination messily.
You destroy the large abomination!
The large abomination disappears in a puff of smoke!
* * * LOW HITPOINT WARNING * * *
The observer is engulfed in blazing flames.
The observer bites your spectral bag of meat!
The meat beast completely misses your spectral bag of meat.
The meat beast tramples your spectral bag of meat!
Your spectral bag of meat is shoved backwards!
Your spectral bag of meat is destroyed!
The tyrant touches your spectral bag of meat! x2
The observer pulsates ominously.
The observer gazes at you. Something smites you!
* * * LOW HITPOINT WARNING * * *
The meat berserker hits you with a +9 battleaxe!!!
You die... ....._..§§..... ... #..XG)#G☼°... .oLG#_.XoX#ZLX...

.ooO#..o2X#Z)G...
#..XooLX2_Zo)ZO....
....oXo2###WXW☼....
..)###ZOO)ZZZ###.o.
....)#.o§Z))Z#.....
.....#oZ)O2@)#)...
...).)M.V2O)))ZXZ)V
......§)z).X)VX.Z#o
....o.)...)LZ..Z#LG
..)))G..W)§§XZ##o§.
...)#........#L)oX.
........OZ...#§X)##
).)##.#.o)†.))....
)............)....


You could see an accursed, 3 tentacled monstrosities, 4 meat beasts, 6 tyrants,
3 destroyers, 5 observers, a sculptor of flesh, 2 large bags of meat, 9 large
abominations, 3 dreads, 5 meat berserkers, 13 bags of meat, a friendly spectral
scourge, 7 friendly spectral bags of meat, 7 friendly spectral meat berserkers,
a friendly spectral large bag of meat and 2 friendly spectral meat beasts.

Vanquished Creatures
  11 hell beasts (D)
  6 royal mummies (D)
  A great orb of eyes (D)
  4 wraiths (D)
  12 vampire knights (D)
  45 ogres (D)
  9 two-headed ogres (D)
  8 liches (D)
  5 hydras (D)
  5 phantoms (D)
  57 orcs (D)
  6 skeletal warriors (D)
  A sea snake (D)
170 creatures vanquished.

Vanquished Creatures (collateral kills)
  An orc (D)
1 creature vanquished.

Vanquished Creatures (others)
  An orc (D)
1 creature vanquished.

Grand Total: 172 creatures vanquished

Notes
Turn   | Place    | Note
-------+----------+-------------------------------------------
     0 | D        | Found the +∞ Axe of Woe
     0 | D        | Ofeo the Djinni Warper began the quest for the Orb.
     0 | D        | Ofeo set off with the following spells memorised: Blink,
                  | Lesser Beckoning, Gell's Gravitas, Teleport Other, Manifold
                  | Assault.
     0 | D        | Reached XP level 1. HP: 18/18 MP: 0/0
     1 | D        | Noticed a bag of meat
     1 | D        | Noticed a bag of meat
     3 | D        | Became a worshipper of Makhleb the Destroyer
     4 | D        | Noticed a bag of meat
     6 | D        | Killed a bag of meat
     6 | D        | Noticed a meat berserker
     6 | D        | Noticed a meat berserker
     6 | D        | Noticed a meat berserker
     7 | D        | Reached XP level 2. HP: 23/23 MP: 0/0
     7 | D        | Reached XP level 3. HP: 28/28 MP: 0/0
     7 | D        | Learned a level 1 spell: Sandblast
     7 | D        | Reached XP level 4. HP: 33/33 MP: 0/0
     7 | D        | Reached XP level 5. HP: 38/38 MP: 0/0
     7 | D        | Learned a level 2 spell: Static Discharge
     7 | D        | Reached XP level 6. HP: 43/43 MP: 0/0
     7 | D        | Reached XP level 7. HP: 49/49 MP: 0/0
     7 | D        | Learned a level 3 spell: Frozen Ramparts
     7 | D        | Reached XP level 8. HP: 54/54 MP: 0/0
     7 | D        | Reached XP level 9. HP: 58/58 MP: 0/0
     7 | D        | Learned a level 4 spell: Leda's Liquefaction
     7 | D        | Reached XP level 10. HP: 64/64 MP: 0/0
     7 | D        | Reached XP level 11. HP: 68/68 MP: 0/0
     7 | D        | Learned a level 5 spell: Irradiate
     7 | D        | Killed a bag of meat
     7 | D        | Reached * piety under Makhleb
     8 | D        | Reached XP level 12. HP: 74/74 MP: 0/0
     8 | D        | Noticed a meat berserker
     9 | D        | Killed a meat berserker
     9 | D        | Killed a bag of meat
     9 | D        | Noticed a bag of meat
     9 | D        | Noticed a bag of meat
     9 | D        | Noticed a bag of meat
     9 | D        | Noticed a bag of meat
    10 | D        | Reached skill level 27 in Axes
    10 | D        | Reached skill level 15 in Fighting
    10 | D        | Reached XP level 13. HP: 26/107 MP: 0/0
    10 | D        | Learned a level 5 spell: Iskenderun's Battlesphere
    10 | D        | Reached XP level 14. HP: 28/114 MP: 0/0
    10 | D        | Killed a meat berserker
    10 | D        | Reached ** piety under Makhleb
    11 | D        | Killed a meat berserker
    11 | D        | Noticed a meat berserker
    12 | D        | Reached XP level 15. HP: 116/143 MP: 0/0
    12 | D        | Learned a level 6 spell: Eringya's Noxious Bog
    12 | D        | Noticed a meat berserker
    14 | D        | Killed a meat berserker
    14 | D        | Noticed a meat berserker
    15 | D        | Reached skill level 27 in Fighting
    15 | D        | Noticed a meat berserker
    16 | D        | Reached *** piety under Makhleb
    17 | D        | Reached XP level 16. HP: 127/154 MP: 0/0
    17 | D        | Killed a meat berserker
    18 | D        | Killed a meat berserker
    18 | D        | Reached **** piety under Makhleb
    19 | D        | Reached XP level 17. HP: 160/160 MP: 0/0
    19 | D        | Learned a level 6 spell: Conjure Ball Lightning
    20 | D        | Noticed a meat berserker
    20 | D        | Killed a meat berserker
    21 | D        | Reached ***** piety under Makhleb
    22 | D        | Reached skill level 27 in Spellcasting
    22 | D        | Reached XP level 18. HP: 167/167 MP: 0/0
    22 | D        | Killed a meat berserker
    24 | D        | Killed a meat berserker
    24 | D        | Noticed a destroyer
    25 | D        | Reached skill level 27 in Stealth
    25 | D        | Reached XP level 19. HP: 174/174 MP: 0/0
    25 | D        | Learned a level 6 spell: Death Channel
    25 | D        | Noticed a meat berserker
    25 | D        | Noticed a meat berserker
    25 | D        | Noticed a large bag of meat
    25 | D        | Noticed a large bag of meat
    26 | D        | Noticed a large bag of meat
    26 | D        | Reached ****** piety under Makhleb
    26 | D        | Killed a large bag of meat
    26 | D        | Killed a destroyer
    26 | D        | Killed a meat berserker
    27 | D        | Reached XP level 20. HP: 181/181 MP: 0/0
    27 | D        | Killed a large bag of meat
    27 | D        | Noticed a meat berserker
    28 | D        | Reached skill level 10 in Armour
    28 | D        | Reached skill level 10 in Shields
    28 | D        | Reached skill level 10 in Invocations
    28 | D        | Reached XP level 21. HP: 187/187 MP: 0/0
    28 | D        | Learned a level 7 spell: Dragon Form
    28 | D        | Killed a large bag of meat
    28 | D        | Killed a meat berserker
    28 | D        | Noticed a large bag of meat
    29 | D        | Reached skill level 10 in Maces & Flails
    29 | D        | Reached skill level 10 in Polearms
    29 | D        | Reached skill level 10 in Ranged Weapons
    29 | D        | Reached skill level 10 in Throwing
    29 | D        | Killed a large bag of meat
    29 | D        | Killed a meat berserker
    30 | D        | Reached skill level 15 in Dodging
    30 | D        | Reached XP level 22. HP: 194/194 MP: 0/0
    30 | D        | Noticed a large bag of meat
    31 | D        | Noticed a meat berserker
    31 | D        | Noticed a destroyer
    32 | D        | Killed a large bag of meat
    33 | D        | Reached skill level 15 in Armour
    33 | D        | Reached skill level 15 in Shields
    33 | D        | Reached skill level 15 in Invocations
    33 | D        | Reached skill level 15 in Evocations
    33 | D        | Killed a destroyer
    33 | D        | Noticed a meat berserker
    34 | D        | Reached skill level 15 in Short Blades
    34 | D        | Reached skill level 15 in Long Blades
    34 | D        | Reached skill level 15 in Staves
    34 | D        | Reached XP level 23. HP: 201/201 MP: 0/0
    34 | D        | Learned a level 7 spell: Summon Hydra
    35 | D        | Reached skill level 15 in Maces & Flails
    35 | D        | Reached skill level 15 in Polearms
    35 | D        | Reached skill level 15 in Ranged Weapons
    35 | D        | Reached skill level 15 in Throwing
    36 | D        | Reached XP level 24. HP: 208/208 MP: 0/0
    36 | D        | Noticed a destroyer
    38 | D        | Killed a destroyer
    40 | D        | Noticed a destroyer
    41 | D        | Noticed a destroyer
    41 | D        | Killed a destroyer
    41 | D        | Killed a destroyer
    42 | D        | Reached skill level 27 in Unarmed Combat
    42 | D        | Reached XP level 25. HP: 214/214 MP: 0/0
    42 | D        | Learned a level 8 spell: Lehudib's Crystal Spear
    44 | D        | Reached XP level 26. HP: 221/221 MP: 0/0
    45 | D        | Noticed a tyrant
    46 | D        | Killed a tyrant
    49 | D        | Noticed a destroyer
    49 | D        | Noticed an accursed
    50 | D        | Killed a destroyer
    50 | D        | Killed an accursed
    51 | D        | Reached XP level 27. HP: 116/228 MP: 0/0
    51 | D        | Learned a level 9 spell: Shatter
    51 | D        | Noticed an accursed
    51 | D        | Killed an accursed
    52 | D        | Reached skill level 27 in Dodging
    55 | D        | Noticed a tyrant
    55 | D        | Killed a tyrant
    59 | D        | Noticed a meat beast
    59 | D        | Killed a meat beast
    60 | D        | Reached skill level 27 in Armour
    60 | D        | Reached skill level 27 in Shields
    60 | D        | Reached skill level 27 in Invocations
    60 | D        | Reached skill level 27 in Evocations
    65 | D        | Noticed a meat beast
    65 | D        | Killed a meat beast
    66 | D        | Reached skill level 27 in Short Blades
    66 | D        | Reached skill level 27 in Long Blades
    66 | D        | Reached skill level 27 in Staves
    66 | D        | Noticed a tyrant
    67 | D        | Killed a tyrant
    68 | D        | Reached skill level 27 in Maces & Flails
    68 | D        | Reached skill level 27 in Polearms
    68 | D        | Reached skill level 27 in Ranged Weapons
    68 | D        | Reached skill level 27 in Throwing
    69 | D        | Noticed a dread
    70 | D        | Killed a dread
    70 | D        | Noticed a dread
    70 | D        | Noticed a tyrant
    71 | D        | Killed a dread
    71 | D        | Killed a tyrant
    76 | D        | Noticed a meat beast
    76 | D        | Killed a meat beast
    77 | D        | Noticed a dread
    78 | D        | Killed a dread
    79 | D        | Noticed a meat beast
    81 | D        | Killed a meat beast
    86 | D        | Noticed a meat beast
    86 | D        | Noticed a tyrant
    87 | D        | Killed a tyrant
    87 | D        | Killed a meat beast
    87 | D        | Noticed a meat beast
    88 | D        | Noticed a meat beast
    89 | D        | Killed a meat beast
    89 | D        | Noticed a meat beast
    90 | D        | Killed a meat beast
    90 | D        | Killed a meat beast
    90 | D        | Noticed an accursed
    91 | D        | Killed an accursed
    92 | D        | Noticed a dread
    92 | D        | Noticed a tyrant
    92 | D        | Noticed a meat beast
    92 | D        | Noticed a dread
    93 | D        | Noticed a destroyer
    93 | D        | Killed a dread
    93 | D        | Killed a destroyer
    93 | D        | Killed a tyrant
    93 | D        | Killed a meat beast
    93 | D        | Noticed a large bag of meat
    94 | D        | Killed a large bag of meat
    94 | D        | Noticed a large bag of meat
    95 | D        | Noticed a destroyer
    95 | D        | Noticed an accursed
    95 | D        | Noticed a destroyer
    96 | D        | Killed a large bag of meat
    96 | D        | Killed a destroyer
    96 | D        | Killed a destroyer
    96 | D        | Noticed an accursed
    96 | D        | Noticed a large bag of meat
    96 | D        | Noticed an accursed
    97 | D        | Killed an accursed
    98 | D        | Noticed a meat beast
    98 | D        | Killed an accursed
    99 | D        | Noticed a meat beast
    99 | D        | Noticed a large bag of meat
    99 | D        | Noticed a tyrant
   100 | D        | Killed a meat beast
   100 | D        | Killed a meat beast
   102 | D        | Noticed a large bag of meat
   102 | D        | Noticed a meat beast
   102 | D        | Noticed a tyrant
   102 | D        | Noticed a meat beast
   103 | D        | Noticed a destroyer
   103 | D        | Noticed a tyrant
   103 | D        | Noticed a tyrant
   103 | D        | Noticed a destroyer
   103 | D        | Noticed a tyrant
   104 | D        | Killed a tyrant
   104 | D        | Killed a large bag of meat
   104 | D        | Noticed an accursed
   104 | D        | Noticed a tyrant
   105 | D        | Noticed a dread
   105 | D        | Noticed a destroyer
   105 | D        | Killed a tyrant
   105 | D        | Killed a large bag of meat
   106 | D        | Noticed an accursed
   106 | D        | Killed an accursed
   106 | D        | Noticed a meat beast
   106 | D        | Noticed a tyrant
   107 | D        | Noticed a meat beast
   107 | D        | Noticed a destroyer
   107 | D        | Noticed a tyrant
   108 | D        | Noticed a destroyer
   108 | D        | Noticed a dread
   108 | D        | Killed a destroyer
   108 | D        | Killed a destroyer
   108 | D        | Noticed a large bag of meat
   109 | D        | Killed a destroyer
   110 | D        | Noticed a destroyer
   110 | D        | HP: 2/228 [observer/divine providence (9)]
   110 | D        | Annihilated by a meat berserker

Illustrated notes

Levels and vault maps discovered:
D:        meatsprint

Skill      XL: |  1  2  3  4  5  6  7  8  9 10 11 12 13 14 15 16 17 18 19 20 21 22 23 24 25 26 27 |
---------------+----------------------------------------------------------------------------------+-----
Axes           | 21 24 27 | 27.0
Fighting       | 15 25 27 | 27.0
Spellcasting   | 14 21 27 | 27.0
Stealth        | 8 27 | 27.0
Short Blades   | 7 9 12 15 16 19 20 22 27 | 27.0
Long Blades    | 7 9 12 15 16 19 20 22 27 | 27.0
Maces & Flails | 6 8 11 13 15 18 19 21 27 | 27.0
Polearms       | 6 8 11 13 15 18 19 21 27 | 27.0
Staves         | 7 9 12 15 16 19 20 22 27 | 27.0
Ranged Weapons | 6 8 11 13 15 18 19 21 27 | 27.0
Throwing       | 6 8 11 14 15 18 19 21 27 | 27.0
Armour         | 8 10 13 16 18 21 22 24 27 | 27.0
Dodging        | 9 11 15 17 19 22 24 26 27 | 27.0
Shields        | 8 10 13 16 18 21 22 24 27 | 27.0
Unarmed Combat | 11 14 19 22 24 27 | 27.0
Invocations    | 8 10 13 16 18 21 22 24 27 | 27.0
Evocations     | 8 9 13 16 18 21 22 24 27 | 27.0

Action                   |  1- 3 |  4- 6 |  7- 9 | 10-12 | 13-15 | 16-18 | 19-21 | 22-24 | 25-27 || total
-------------------------+-------+-------+-------+-------+-------+-------+-------+-------+-------++-------
Melee: Executioner's axe |     1 |       |       |     2 |     4 |    11 |    15 |    23 |   116 ||   172
 Cast: Manifold Assault  |       |       |       |       |       |     1 |     4 |     7 |    38 ||    50
       Death Channel     |       |       |       |       |       |       |       |       |     1 ||     1
